[Event "Fall GM-A Norm Invitational 2022"]
[Site "Charlotte"]
[Date "2022.11.20"]
[Round "5"]
[White "Cordova, Emilio"]
[Black "Mulyar, Michael"]
[Result "1-0"]
[ECO "D02"]
[WhiteElo "2561"]
[BlackElo "2355"]
[Annotator "TA"]
[PlyCount "89"]
[EventDate "2022.11.18"]
[EventType "tourn"]
[EventCountry "USA"]
[SourceTitle "playchess.com"]
[Source "ChessBase"]
[SourceQuality "1"]
[TimeControl "5400+30"]

1. d4 d5 2. Nf3 Nf6 3. c3 e6 4. Bf4 c5 5. e3 Nc6 6. Nbd2 Bd6 7. Bg3 O-O 8. Bd3 b6 9. Qe2 {[%emt 0:00:53] D02: 1 d4 d5 2 Nf3 sidelines, including 2...Nf6 3 g3 and 2...Nf6 3 Bf4.} Bb7 10. Rd1 a5 11. e4 {[%emt 0:02:48] The position is equal.} Be7 12. e5 Nh5 13. a3 g6 14. Qe3 Ba6 15. Bb1 {[%emt 0:01:26] [#]} (15. Bxa6 $11 Rxa6 16. h3) 15... Qd7 $146 ({Predecessor:} 15... cxd4 16. cxd4 a4 17. Bf4 f6 18. Bh6 Re8 19. Bd3 Bxd3 20. Qxd3 fxe5 21. Nxe5 Nxe5 22. dxe5 {½-½ (75) Habans Aguerrea,J (1892)-Cnejev,V (1810) Santiago de Compostela 2018}) 16. Nb3 a4 17. Nc1 Na5 {[%emt 0:00:03] Threatens to win with ...cxd4.} 18. Nd3 Nc4 19. Qe2 Ng7 (19... Qb5 $15) 20. O-O Rfc8 21. Bf4 $1 cxd4 22. Nxd4 Bf8 23. g4 Na5 24. Be3 Rab8 25. f4 Nb3 26. Nxb3 axb3 27. Qf2 Bxd3 28. Bxd3 Bc5 29. Bd4 Qe7 30. Qg3 Kh8 31. Kh1 Bxd4 32. cxd4 f5 33. gxf5 (33. exf6 $1 $16 Qxf6 34. Ba6) 33... exf5 34. Ba6 Rd8 35. Qxb3 Ne6 36. a4 (36. Bb5 $16) 36... Qa7 (36... Ra8 $11 {keeps the balance.} 37. Bb5 (37. Qxb6 Rdb8 $17) 37... Rac8) 37. Bb5 $16 Rbc8 38. Qb4 {[%emt 0:00:54] Prevents Qe7.} Qg7 39. Rd3 Qh6 40. Qe7 Nxf4 41. Rc3 {[%emt 0:00:30] Strongly threatening Qf6+. Really sharp! White is much more active.} Nh5 {[%emt 0:02:36] [#] Inhibits Qf6+. A mistake that costs the game.} (41... Rf8 $16) 42. e6 $1 $18 Rf8 $2 (42... f4 43. Rxc8 Rxc8) 43. Qd6 {[%emt 0:00:31][%csl LRb6,LRd5] White is clearly winning.} Rxc3 44. bxc3 {[%emt 0:00:09] Hoping for e7.} g5 45. Qe5+ {[%emt 0:00:20] Weighted Error Value: White=0.10 (very precise) /Black=0.37} 1-0

[Event "Fall GM-A Norm Invitational 2022"]
[Site "Charlotte"]
[Date "2022.11.20"]
[Round "5"]
[White "Fus, Jakub"]
[Black "Mardov, Dimitar"]
[Result "1/2-1/2"]
[ECO "A07"]
[WhiteElo "2427"]
[BlackElo "2432"]
[Annotator "TA"]
[PlyCount "77"]
[EventDate "2022.11.18"]
[EventType "tourn"]
[EventCountry "USA"]
[SourceTitle "playchess.com"]
[Source "ChessBase"]
[SourceQuality "1"]
[TimeControl "5400+30"]

1. Nf3 d5 2. g3 Bg4 3. Bg2 Nd7 4. h3 Bh5 5. d4 e6 6. O-O {[%emt 0:01:17] A07: Réti Opening: New York and Capablanca Systems.} Ngf6 7. c4 c6 8. cxd5 exd5 9. Nh4 {[%emt 0:07:18] 9.Ne5 gains popularity.} Bg6 10. Nc3 Be7 11. Nxg6 hxg6 12. Qd3 O-O 13. Bf4 Re8 {[%emt 0:03:39] [#]} 14. h4 $146 ({Predecessor:} 14. Rfe1 Nb6 15. Rad1 Qd7 16. Bg5 Rad8 17. h4 Nh7 18. Bxe7 Rxe7 {½-½ (49) Vachier Lagrave,M (2762)-Laznicka,V (2679) Dubai 2014}) 14... Nf8 15. Rad1 Bd6 16. Bg5 N8h7 17. Bxf6 gxf6 18. e4 {[%emt 0:03:36] Against f5} dxe4 19. Nxe4 f5 20. Nc5 (20. Nxd6 $14 Qxd6 21. Qb3) 20... Bxc5 $11 {[%emt 0:09:43] The position is equal.} 21. dxc5 Qxd3 (21... Qe7 {keeps more tension.} 22. h5 Rad8 23. Qc2 Rxd1 24. Rxd1 Qe2) 22. Rxd3 Nf6 23. Rb3 Re7 24. Rd1 {[%emt 0:00:04] Inhibits Rd8.} Rae8 25. Bf3 Kg7 26. Rd4 Rc7 27. Kf1 Nd7 28. Rc3 Re5 29. b4 Nf6 30. Rc2 Rce7 31. Re2 Rxe2 32. Bxe2 {[%emt 0:00:08][%mdl 4096] Endgame KRB-KRN} Re5 33. Bf3 a5 34. a3 axb4 35. axb4 Re7 36. b5 cxb5 37. Rb4 Rc7 38. Rxb5 Nd7 39. Rxb7 {[%emt 0:00:20] Weighted Error Value: White=0.04 (flawless) /Black=0.02 (flawless)} 1/2-1/2

[Event "Fall GM-A Norm Invitational 2022"]
[Site "Charlotte"]
[Date "2022.11.20"]
[Round "5"]
[White "Kaliksteyn, Alexander"]
[Black "Preotu, Razvan"]
[Result "0-1"]
[ECO "A48"]
[WhiteElo "2389"]
[BlackElo "2493"]
[Annotator "TA"]
[PlyCount "88"]
[EventDate "2022.11.18"]
[EventType "tourn"]
[EventCountry "USA"]
[SourceTitle "playchess.com"]
[Source "ChessBase"]
[SourceQuality "1"]
[TimeControl "5400+30"]

1. d4 Nf6 2. Nf3 g6 3. Bf4 Bg7 4. e3 d6 5. h3 O-O 6. Be2 Nfd7 7. O-O e5 8. Bh2 Nc6 9. a4 {[%emt 0:01:39] A48: 1 d4 Nf6 2 Nf3 g6: Torre, London and Colle Systems.} a5 10. Nc3 f5 11. Nb5 {[%emt 0:01:04] [#] The position is equal.} Kh8 $146 (11... e4 {with more complications.} 12. Ng5 Qxg5 13. Nxc7 Rb8) ({Predecessor:} 11... e4 12. Nd2 Nf6 13. c4 Nb4 14. c5 Ne8 15. cxd6 Nxd6 16. Qb3+ Kh8 17. Nxd6 cxd6 {1-0 (43) Torkkola,H (2177)-Keso,E (2200) Jyvaskyla 2020}) 12. Ra3 exd4 13. exd4 ({Don't play} 13. Nbxd4 Nc5 $15) 13... Nf6 14. Re1 Be6 15. Re3 Bg8 16. Bf1 Bh6 17. c4 ({Better is} 17. Ra3 $11) 17... Bxe3 $15 18. Rxe3 Nb4 (18... h6 $1 $17) 19. d5 {[%emt 0:03:15] [#]} (19. Bf4 $11) 19... Qd7 (19... h6 $1 $17) 20. Bf4 Qg7 {[%emt 0:04:00] Inhibits Bh6.} (20... Bxd5 $5 21. cxd5 Nbxd5 $11) 21. Re2 h6 22. Qd2 (22. Bd2 $11) 22... g5 23. Be3 Rad8 24. b3 c6 25. dxc6 bxc6 26. Nxd6 (26. Bb6 $1 $15 cxb5 27. Bxa5) 26... Ne4 $17 27. Nxe4 Rxd2 28. Nexd2 Qd7 (28... Kh7 $17 {aiming for ...Re8.} 29. Bb6 g4 30. hxg4 fxg4) 29. Ne5 $1 $11 Qd6 ({Black should try} 29... Qe6 $11 30. Ndf3 Rd8) 30. Ndf3 $1 $14 {[%emt 0:00:08] Pair of Knights!} Rd8 $1 31. Bb6 (31. Bd4 $5 Kh7 32. Bb6 $14) 31... c5 32. Bxd8 Qxd8 33. Ng6+ (33. h4 $11 {keeps the balance.}) 33... Kg7 $17 {[%emt 0:01:50][%mdl 1024] Black has strong compensation.} 34. Rd2 {[%emt 0:00:04] [#]} Qc7 35. Nfe5 Be6 {[%emt 0:00:07] Against Rd7+} 36. h4 $2 {[%emt 0:00:51] This costs White the game.} (36. Be2 $17) 36... Nc6 $19 {[%emt 0:00:34][%mdl 64] Deflection} 37. Nxc6 (37. Re2 Nd4 38. Re1) 37... Kxg6 {[%emt 0:00:42] Black is clearly winning.} 38. h5+ Kf6 39. Nd8 Bd7 40. g4 Qxd8 41. Rd6+ Ke7 42. Rxh6 fxg4 {[%emt 0:00:16] And now ...Bf5 would win.} 43. Rh7+ Kf6 {[%emt 0:00:17] ( -> ...Bf5)} 44. Rh6+ Ke5 {[%emt 0:00:44] Weighted Error Value: White=0.67/Black=0.12 (very precise)} 0-1